 Dungeon Crawl Stone Soup version 0.23.2-40-g277498a001 (webtiles) character file.

Game seed: 15007219582687698370

57 Martska the Ducker (level 4, 0/33 HPs)
             Began as a Merfolk Ice Elementalist on Oct 6, 2019.
             Succumbed to an adder's poison
             ... on level 2 of the Dungeon.
             The game lasted 00:07:55 (2227 turns).

Martska the Ducker (Merfolk Ice Elementalist)       Turns: 2227, Time: 00:07:55

Health: 0/33       AC:  4    Str:  8    XL:     4   Next: 0%
Magic:  1/7        EV:  8    Int: 14    God:
Gold:   130        SH:  9    Dex: 15    Spells: 1/7 levels left

rFire    . . .     SeeInvis .   f - +0 mace
rCold    . . .     Gourm    .   m - +0 large shield
rNeg     . . .     Faith    .   g - +0 leather armour {MR+}
rPois    .         Spirit   .   i - +0 helmet
rElec    .         Reflect  .   e - scarf {cloud immunity}
rCorr    .         Harm     .   (no gloves)
MR       +....                  (no boots)
Stlth    ++........             (no amulet)
HPRegen  0.11/turn              (no ring)
MPRegen  0.10/turn              (no ring)

@: lethally poisoned (0 -> -4), slightly contaminated, invisible
A: change form in water, swift swim, stealthy swim
a: no special abilities


You were on level 2 of the Dungeon.
You were not hungry.

You visited 1 branch of the dungeon, and saw 2 of its levels.

You collected 130 gold pieces.

Inventory:

Hand Weapons
 f - a +0 mace (weapon)
Armour
 a - a +0 robe
 e - a scarf of cloud immunity (worn)
 g - a +0 leather armour of magic resistance (worn)
 i - a +0 helmet (worn)
 m - a +0 large shield (worn)
Scrolls
 b - a scroll of teleportation
 j - a scroll of identify {unknown}
 k - a scroll of amnesia {unknown}
 l - a scroll of remove curse {unknown}
Potions
 d - a potion of invisibility
 h - a potion of brilliance
Comestibles
 c - 4 rations


   Skills:
 * Level 2.0 Fighting
 * Level 3.7 Dodging
 + Level 2.6 Stealth
 + Level 2.2 Spellcasting
 - Level 0.7 Conjurations
 + Level 3.6 Ice Magic


You had one spell level left.
You knew the following spells:

 Your Spells              Type           Power        Failure   Level  Hunger
a - Freeze                Ice            ##..         89%         1    #......
b - Throw Frost           Conj/Ice       #.....       99%         2    ###....
c - Ozocubu's Armour      Chrm/Ice       #.......     100%        3    ###....

Your spell library contained the following spells:

 Spells                   Type           Power        Failure   Level  Hunger
 Summon Ice Beast         Ice/Summ       #.......     100%        4    #####..
 Throw Icicle             Conj/Ice       #.......     100%        4    #####..


Dungeon Overview and Level Annotations

Branches:
Dungeon (2/15)

Altars:
Gozag
Xom


Message History

You feel sick. The adder bites you.
* * * LOW HITPOINT WARNING * * *
The adder bites you but does no damage. You block the adder's attack.
You feel sick.
You fade into invisibility!
The adder bites you.
* * * LOW HITPOINT WARNING * * *
You are lethally poisoned!
The adder poisons you! The adder bites you but does no damage.
* * * LOW HITPOINT WARNING * * *
You feel sick.
* * * LOW HITPOINT WARNING * * *
You feel sick. The adder bites you but does no damage.
* * * LOW HITPOINT WARNING * * *
You feel sick.
* * * LOW HITPOINT WARNING * * *
You feel sick.
You die...

♣.PPP..P♣######....####
P.....PP♣...###....#
♣....♣....#........####
..P.P♣P♣♣#..♣♣.♣♣.....#
♣♣...P.♣ #.#♣P.♣♣####.#
.♣♣...♣###.#♣P.P♣ #.#
..♣♣♣♣♣....#♣♣.♣♣ ##.#
...........#♣♣.♣♣# ♣P.♣
..#.........##.#@#♣♣P.♣
..#.......# #..S.PPP.♣
.##..)..### ###.....P♣
.##.....# #r#♣♣♣♣♣
.##.....####+###.#
.#####'#.......#.# .#
#.#...$...#.#
.#####.#.......#.#
.......#.......#.#


You could see an adder and a rat.

Vanquished Creatures
  An adder (D:2)
  An ooze (D:2)
  4 bats
  A giant cockroach (D:1)
  3 goblins (D:1)
  5 hobgoblins
  10 jackals
  A ball python (D:2)
  A frilled lizard (D:1)
  4 kobolds
  9 rats
40 creatures vanquished.

Notes
Turn   | Place    | Note
-------+----------+-------------------------------------------
     0 | D:1      | Martska the Merfolk Ice Elementalist began the quest for
                  | the Orb.
     0 | D:1      | Reached XP level 1. HP: 13/13 MP: 3/3
   313 | D:1      | Reached XP level 2. HP: 7/20 MP: 1/5
   552 | D:1      | Reached skill level 1 in Fighting
  1193 | D:2      | Found a shimmering altar of Xom.
  1195 | D:2      | Reached XP level 3. HP: 26/26 MP: 6/6
  1537 | D:2      | Learned a level 2 spell: Throw Frost
  1541 | D:2      | Learned a level 3 spell: Ozocubu's Armour
  2126 | D:2      | Found an opulent altar of Gozag.
  2166 | D:2      | Reached XP level 4. HP: 31/33 MP: 7/7
  2222 | D:2      | HP: 1/33 [poisoned by an adder]
  2227 | D:2      | Succumbed to an adder's poison

Skill      XL: |  1  2  3 |
---------------+----------+-----
Dodging        | 3 |  3.7
Fighting       | 1 2 |  2.0
Stealth        | |  2.6
Spellcasting   | |  2.2
Conjurations   | |  0.7
Ice Magic      | |  3.6

Action                   |  1- 3 |  4- 6 || total
-------------------------+-------+-------++-------
Melee: Unarmed           |    14 |       ||    14
       Mace              |   117 |    14 ||   131
 Cast: Freeze            |    27 |     1 ||    28
  Use: Potion            |     4 |     1 ||     5
       Scroll            |     1 |       ||     1
 Stab: Sleeping          |     3 |       ||     3
  Eat: Chunk             |     3 |       ||     3
       Ration            |     1 |       ||     1
Armor: Robe              |    11 |       ||    11
       Leather armour    |    56 |    12 ||    68
Dodge: Dodged            |   127 |    16 ||   143
Block: Large shield      |    95 |    19 ||   114
